General information
- name: BNet
- type: Ladder team game (AT/RT)
- host: Battle.net
- saver: www.highper.ch
map: DragonFalls
- players: 8
- length: 51:09
- speed: Fast
- version: 1.24 W3XP
- replay type: Public
» download(271 KB)
Players
team 1 (winner)
mr.mailloux (
pink | 38 APM | 735 actions | 19:08)
3 Death Knight
2 Death Coil
1 Unholy Aura
2 Pandaren Brewmaster
1 Breath of Fire
1 Drunken Brawler
» actions
| Basic commands | 12 | |
| Build / train | 66 | |
| Enter build submenu | 21 | |
| Enter hero's abilities submenu | 6 | |
| Give item / drop item | 3 | |
| Right click | 323 | |
| Select / deselect | 264 | |
| Use ability | 40 | |
735 total
» units
| Acolyte | 7 | |
| Ghoul | 11 | |
| Gargoyle | 7 | |
| Frost Wyrm | 9 | |
34 total
» upgrades
| Creature Attack | 3 | |
| Creature Carapace | 2 | |
| Freezing Breath | 1 | |
6 total
» buildings
| Altar of Darkness | 1 | |
| Ziggurat | 11 | |
| Crypt | 1 | |
| Graveyard | 1 | |
| Tomb of Relics | 1 | |
| Nerubian Tower | 2 | |
| Halls of the Dead | 1 | |
| Spirit Tower | 7 | |
| Black Citadel | 1 | |
| Sacrificial Pit | 1 | |
| Boneyard | 2 | |
29 total
» build order
00:10 Altar of Darkness
00:13 Ziggurat
00:34 Crypt
01:05 Graveyard
01:32 Ziggurat
01:47 Tomb of Relics
02:19 Nerubian Tower
03:17 Ziggurat
05:25 Halls of the Dead
06:25 Ziggurat
06:27 Ziggurat
06:56 Ziggurat
06:58 Ziggurat
07:01 Ziggurat
07:19 Spirit Tower
07:32 Ziggurat
07:54 Spirit Tower
08:04 Spirit Tower
08:06 Spirit Tower
08:36 Black Citadel
08:39 Spirit Tower
08:45 Ziggurat
08:51 Ziggurat
09:16 Sacrificial Pit
10:13 Spirit Tower
10:15 Spirit Tower
10:34 Nerubian Tower
10:59 Boneyard
11:01 Boneyard
» items
| Rod of Necromancy | 1 | |
| Potion of Healing | 3 | |
| Orb of Corruption | 1 | |
| Scroll of Town Portal | 1 | |
| Scroll of Healing | 1 | |
7 total
Demongangel123 (
blue | 28 APM | 595 actions | 21:24)
3 Blademaster
1 Critical Strike
1 Mirror Image
1 Wind Walk
1 Naga Sea Witch
1 Forked Lightning
» actions
| Basic commands | 6 | |
| Build / train | 52 | |
| Enter build submenu | 12 | |
| Enter hero's abilities submenu | 4 | |
| Remove unit from queue | 2 | |
| Right click | 172 | |
| Select / deselect | 331 | |
| Use ability | 16 | |
595 total
» units
| Peon | 6 | |
| Troll Headhunter/Berserker | 28 | |
34 total
» upgrades
| Ranged Weapons | 3 | |
| Armor | 3 | |
| Troll Regeneration | 1 | |
| Berserker Upgrade | 1 | |
8 total
» buildings
| War Mill | 1 | |
| Barracks | 1 | |
| Altar of Storms | 1 | |
| Orc Burrow | 4 | |
| Stronghold | 1 | |
| Fortress | 1 | |
9 total
» build order
00:11 War Mill
00:19 Barracks
00:43 Altar of Storms
01:54 Orc Burrow
03:00 Orc Burrow
03:42 Orc Burrow
04:03 Stronghold
08:34 Fortress
09:51 Orc Burrow
www.highper.ch (
yellow | 136 APM | 6936 actions | 51:09)
8 Mountain King
3 Storm Bolt
3 Bash
1 Avatar
1 Thunder Clap
6 Blood Mage
2 Banish
3 Flame Strike
1 Summon Phoenix
» actions
| Assign group hotkey | 14 | |
| Basic commands | 135 | |
| Build / train | 145 | |
| Enter build submenu | 52 | |
| Enter hero's abilities submenu | 14 | |
| Give item / drop item | 4 | |
| Remove unit from queue | 17 | |
| Right click | 3697 | |
| Select / deselect | 476 | |
| Select group hotkey | 2192 | |
| Use ability | 190 | |
6936 total
» units
» upgrades
| Masonry | 3 | |
| Lumber Harvesting | 2 | |
| Swords | 3 | |
| Animal War Training | 1 | |
| Storm Hammers | 1 | |
| Armor | 2 | |
12 total
» buildings
| Altar of Kings | 1 | |
| Farm | 10 | |
| Lumber Mill | 2 | |
| Arcane Vault | 1 | |
| Scout Tower | 57 | |
| Town Hall | 4 | |
| Guard Tower | 38 | |
| Arcane Tower | 4 | |
| Keep | 3 | |
| Blacksmith | 1 | |
| Barracks | 1 | |
| Castle | 1 | |
| Gryphon Aviary | 2 | |
125 total
» build order
00:09 Altar of Kings
00:14 Farm
00:57 Farm
00:59 Farm
01:29 Lumber Mill
02:16 Arcane Vault
03:29 Scout Tower
03:33 Town Hall
03:56 Scout Tower
04:02 Guard Tower
04:16 Scout Tower
04:58 Scout Tower
05:00 Scout Tower
05:01 Scout Tower
05:02 Scout Tower
05:02 Scout Tower
05:04 Scout Tower
05:06 Scout Tower
05:08 Scout Tower
05:08 Scout Tower
05:09 Scout Tower
05:11 Scout Tower
05:11 Scout Tower
05:12 Scout Tower
05:23 Guard Tower
05:25 Scout Tower
05:33 Arcane Tower
05:33 Arcane Tower
05:33 Arcane Tower
05:33 Arcane Tower
05:42 Guard Tower
05:42 Guard Tower
05:58 Scout Tower
05:59 Guard Tower
06:00 Guard Tower
06:00 Guard Tower
06:04 Guard Tower
06:37 Keep
06:37 Keep
06:37 Keep
06:49 Guard Tower
06:53 Guard Tower
06:54 Guard Tower
06:54 Guard Tower
06:54 Guard Tower
07:38 Guard Tower
07:39 Guard Tower
07:44 Guard Tower
07:50 Blacksmith
07:55 Barracks
08:00 Scout Tower
08:01 Scout Tower
08:02 Scout Tower
08:03 Scout Tower
08:05 Scout Tower
08:06 Scout Tower
08:30 Guard Tower
08:35 Guard Tower
09:26 Guard Tower
09:26 Castle
09:32 Gryphon Aviary
10:02 Guard Tower
10:03 Guard Tower
10:45 Gryphon Aviary
10:57 Farm
10:58 Farm
11:19 Guard Tower
11:20 Guard Tower
11:22 Guard Tower
11:29 Guard Tower
12:21 Farm
12:22 Farm
13:28 Farm
13:29 Farm
14:24 Farm
16:53 Scout Tower
16:54 Scout Tower
16:55 Scout Tower
17:24 Guard Tower
19:22 Guard Tower
19:23 Scout Tower
19:24 Scout Tower
20:10 Guard Tower
20:17 Guard Tower
20:18 Scout Tower
21:17 Scout Tower
21:18 Scout Tower
21:19 Scout Tower
21:20 Scout Tower
21:21 Scout Tower
21:23 Scout Tower
21:24 Scout Tower
21:25 Scout Tower
21:25 Scout Tower
21:26 Scout Tower
21:26 Guard Tower
22:12 Guard Tower
22:36 Lumber Mill
22:41 Scout Tower
22:43 Scout Tower
22:43 Scout Tower
22:44 Scout Tower
22:44 Scout Tower
22:45 Scout Tower
22:46 Scout Tower
22:46 Scout Tower
22:47 Guard Tower
23:36 Guard Tower
24:19 Guard Tower
24:22 Scout Tower
24:22 Scout Tower
24:23 Scout Tower
24:23 Scout Tower
24:25 Scout Tower
24:25 Scout Tower
24:26 Scout Tower
24:27 Scout Tower
24:28 Scout Tower
25:13 Guard Tower
25:44 Guard Tower
31:30 Town Hall
31:33 Town Hall
35:11 Town Hall
» items
| Scroll of Regeneration | 3 | |
| Boots of Speed | 2 | |
| Staff of Teleportation | 3 | |
| Lesser Clarity Potion | 1 | |
| Potion of Lesser Invulnerability | 1 | |
| Scroll of Town Portal | 1 | |
| Staff of Sanctuary | 2 | |
13 total

»
lislo (
orange | 18 APM | 388 actions | 21:00)
4 Mountain King
2 Storm Bolt
2 Bash
» actions
| Assign group hotkey | 10 | |
| Build / train | 61 | |
| Enter build submenu | 25 | |
| Enter hero's abilities submenu | 4 | |
| Give item / drop item | 2 | |
| Right click | 81 | |
| Select / deselect | 136 | |
| Select group hotkey | 34 | |
| Use ability | 35 | |
388 total
» units
| Peasant | 8 | |
| Footman | 7 | |
| Rifleman | 6 | |
| Goblin Shredder | 1 | |
| Knight | 3 | |
25 total
» upgrades
| Masonry | 2 | |
| Plating | 3 | |
| Swords | 3 | |
| Gunpowder | 3 | |
| Armor | 2 | |
| Long Rifles | 1 | |
| Lumber Harvesting | 1 | |
| Animal War Training | 1 | |
16 total
» buildings
| Farm | 9 | |
| Altar of Kings | 1 | |
| Barracks | 2 | |
| Lumber Mill | 1 | |
| Blacksmith | 1 | |
| Scout Tower | 7 | |
| Guard Tower | 6 | |
| Keep | 1 | |
| Arcane Tower | 2 | |
| Gryphon Aviary | 1 | |
| Town Hall | 1 | |
| Arcane Vault | 1 | |
| Castle | 1 | |
34 total
» build order
00:19 Farm
00:32 Altar of Kings
00:58 Farm
01:37 Barracks
02:07 Lumber Mill
02:23 Blacksmith
03:04 Farm
03:21 Barracks
04:09 Scout Tower
04:35 Scout Tower
05:15 Guard Tower
05:45 Farm
05:49 Guard Tower
05:57 Keep
06:21 Farm
06:26 Farm
08:05 Scout Tower
08:22 Farm
09:30 Arcane Tower
09:40 Scout Tower
09:45 Farm
10:30 Guard Tower
10:40 Gryphon Aviary
11:35 Town Hall
11:53 Arcane Vault
13:02 Scout Tower
14:35 Guard Tower
15:23 Farm
15:25 Castle
16:30 Scout Tower
17:58 Scout Tower
18:00 Guard Tower
18:03 Guard Tower
18:05 Arcane Tower
» items
| Scroll of Town Portal | 1 | |
| Ivory Tower | 2 | |
| Orb of Fire | 1 | |
| Scroll of Regeneration | 1 | |
5 total
team 2 (loser)

»
Ryu5 (
teal | 58 APM | 2208 actions | 38:10)
5 Priestess of the Moon
3 Trueshot Aura
2 Searing Arrows
» actions
| Assign group hotkey | 130 | |
| Basic commands | 91 | |
| Build / train | 88 | |
| Enter build submenu | 23 | |
| Enter hero's abilities submenu | 5 | |
| Remove unit from queue | 3 | |
| Right click | 587 | |
| Select / deselect | 325 | |
| Select group hotkey | 919 | |
| Use ability | 37 | |
2208 total
» units
| Wisp | 23 | |
| Archer | 3 | |
| Huntress | 2 | |
| Thunder Lizard | 1 | |
| Furbolg Shaman | 1 | |
| Hippogryph | 29 | |
59 total
» upgrades
| Strength of the Moon | 2 | |
| Moon Armor | 0 | |
| Strength of the Wild | 3 | |
| Improved Bows | 1 | |
| Hippogryph Taming | 1 | |
| Reinforced Hides | 3 | |
| Marksmanship | 1 | |
| Vorpal Blades | 1 | |
12 total
» buildings
| Altar of Elders | 1 | |
| Ancient of War | 2 | |
| Moon Well | 8 | |
| Hunter's Hall | 1 | |
| Tree of Ages | 4 | |
| Ancient of Wind | 2 | |
| Tree of Life | 2 | |
| Tree of Eternity | 1 | |
21 total
» build order
01:49 Altar of Elders
02:27 Ancient of War
02:32 Ancient of War
02:44 Moon Well
03:35 Moon Well
04:16 Moon Well
04:31 Hunter's Hall
04:34 Moon Well
05:44 Moon Well
06:40 Tree of Ages
06:41 Tree of Ages
06:41 Tree of Ages
08:38 Moon Well
09:05 Ancient of Wind
09:14 Ancient of Wind
09:32 Moon Well
10:41 Moon Well
11:35 Tree of Life
13:18 Tree of Eternity
17:13 Tree of Life

»
SC2NO.WC4YES (
red | 39 APM | 1752 actions | 44:46)
5 Death Knight
3 Death Coil
2 Unholy Aura
4 Lich
2 Frost Nova
2 Dark Ritual
» actions
| Assign group hotkey | 81 | |
| Basic commands | 120 | |
| Build / train | 62 | |
| Enter build submenu | 28 | |
| Enter hero's abilities submenu | 9 | |
| Give item / drop item | 8 | |
| Right click | 700 | |
| Select / deselect | 249 | |
| Select group hotkey | 392 | |
| Use ability | 103 | |
1752 total
» units
| Acolyte | 9 | |
| Ghoul | 6 | |
| Frost Wyrm | 5 | |
| Goblin Zeppelin | 1 | |
| Goblin Shredder | 1 | |
22 total
» upgrades
| Creature Attack | 3 | |
| Creature Carapace | 3 | |
| Freezing Breath | 1 | |
7 total
» buildings
| Ziggurat | 25 | |
| Crypt | 1 | |
| Altar of Darkness | 1 | |
| Halls of the Dead | 2 | |
| Graveyard | 1 | |
| Black Citadel | 2 | |
| Sacrificial Pit | 1 | |
| Necropolis | 3 | |
| Spirit Tower | 6 | |
| Tomb of Relics | 1 | |
| Boneyard | 3 | |
46 total
» build order
00:18 Ziggurat
00:20 Crypt
00:40 Altar of Darkness
00:57 Ziggurat
03:13 Halls of the Dead
03:13 Halls of the Dead
04:12 Graveyard
05:34 Black Citadel
05:36 Sacrificial Pit
05:41 Necropolis
05:42 Ziggurat
05:43 Ziggurat
05:43 Ziggurat
06:50 Spirit Tower
06:52 Spirit Tower
07:02 Tomb of Relics
07:42 Ziggurat
08:18 Boneyard
08:18 Boneyard
08:19 Boneyard
08:58 Ziggurat
08:59 Ziggurat
11:58 Spirit Tower
12:40 Ziggurat
12:41 Ziggurat
12:43 Ziggurat
12:43 Ziggurat
15:21 Spirit Tower
17:25 Ziggurat
17:25 Ziggurat
17:26 Ziggurat
17:27 Ziggurat
17:28 Ziggurat
17:29 Ziggurat
17:30 Ziggurat
17:31 Ziggurat
19:42 Spirit Tower
21:48 Ziggurat
21:49 Ziggurat
21:49 Ziggurat
21:50 Ziggurat
21:50 Ziggurat
23:18 Necropolis
24:01 Spirit Tower
24:45 Necropolis
» items
| Boots of Speed | 4 | |
| Staff of Teleportation | 2 | |
| Orb of Corruption | 2 | |
| Scroll of Town Portal | 4 | |
12 total
genralix (
green | 44 APM | 2252 actions | 51:07)
4 Death Knight
2 Death Coil
2 Death Pact
2 Lich
1 Frost Armor
1 Frost Nova
» actions
| Assign group hotkey | 22 | |
| Basic commands | 2 | |
| Build / train | 54 | |
| Enter build submenu | 24 | |
| Enter hero's abilities submenu | 7 | |
| Give item / drop item | 1 | |
| Remove unit from queue | 2 | |
| Right click | 1129 | |
| Select / deselect | 483 | |
| Select group hotkey | 454 | |
| Use ability | 73 | |
2252 total
» units
| Acolyte | 6 | |
| Ghoul | 2 | |
| Crypt Fiend | 12 | |
| Goblin Shredder | 1 | |
21 total
» upgrades
| Web | 1 | |
| Creature Attack | 2 | |
| Creature Carapace | 2 | |
5 total
» buildings
| Altar of Darkness | 1 | |
| Ziggurat | 13 | |
| Crypt | 2 | |
| Tomb of Relics | 1 | |
| Nerubian Tower | 4 | |
| Graveyard | 1 | |
| Halls of the Dead | 1 | |
| Spirit Tower | 5 | |
| Black Citadel | 3 | |
31 total
» build order
00:08 Altar of Darkness
00:23 Ziggurat
00:28 Crypt
00:56 Tomb of Relics
01:35 Nerubian Tower
01:35 Nerubian Tower
01:57 Ziggurat
02:37 Graveyard
03:26 Halls of the Dead
04:24 Spirit Tower
05:27 Ziggurat
06:25 Crypt
07:14 Spirit Tower
10:01 Ziggurat
10:42 Ziggurat
10:42 Ziggurat
10:44 Ziggurat
13:11 Spirit Tower
13:12 Ziggurat
13:16 Spirit Tower
13:48 Black Citadel
13:49 Black Citadel
13:49 Black Citadel
15:02 Ziggurat
16:21 Ziggurat
16:23 Spirit Tower
17:41 Ziggurat
18:22 Nerubian Tower
21:33 Ziggurat
21:35 Ziggurat
» items
| Rod of Necromancy | 1 | |
| Circlet of Nobility | 1 | |
2 total
MrSouthNUrMouth (
purple | 20 APM | 736 actions | 37:19)
4 Death Knight
2 Unholy Aura
2 Death Coil
4 Dreadlord
2 Vampiric Aura
2 Sleep
» actions
| Assign group hotkey | 10 | |
| Basic commands | 2 | |
| Build / train | 49 | |
| Enter build submenu | 17 | |
| Enter hero's abilities submenu | 8 | |
| Give item / drop item | 1 | |
| Remove unit from queue | 1 | |
| Right click | 236 | |
| Select / deselect | 301 | |
| Select group hotkey | 83 | |
| Use ability | 28 | |
736 total
» units
| Acolyte | 9 | |
| Ghoul | 6 | |
| Goblin Shredder | 1 | |
| Abomination | 6 | |
| Meatwagon | 2 | |
24 total
» upgrades
| Unholy Strength | 3 | |
| Unholy Armor | 3 | |
| Disease Cloud | 1 | |
7 total
» buildings
| Ziggurat | 9 | |
| Altar of Darkness | 1 | |
| Crypt | 1 | |
| Graveyard | 1 | |
| Nerubian Tower | 1 | |
| Halls of the Dead | 1 | |
| Black Citadel | 1 | |
| Slaughterhouse | 3 | |
| Tomb of Relics | 1 | |
| Spirit Tower | 1 | |
20 total
» build order
00:10 Ziggurat
00:13 Altar of Darkness
00:18 Crypt
01:02 Ziggurat
01:28 Graveyard
02:13 Nerubian Tower
04:46 Halls of the Dead
06:04 Ziggurat
06:05 Ziggurat
06:08 Ziggurat
06:12 Ziggurat
06:15 Ziggurat
06:25 Ziggurat
06:59 Ziggurat
07:19 Black Citadel
07:29 Slaughterhouse
07:43 Slaughterhouse
07:46 Slaughterhouse
08:17 Tomb of Relics
09:08 Spirit Tower
» items
| Orb of Corruption | 1 | |
| Rod of Necromancy | 1 | |
| Scroll of Town Portal | 1 | |
3 total
Chat log
(00:03 / All) www.highper.ch: good evening
(00:13 / 7) SC2NO.WC4YES: want to do some kind of wacky strat
(00:24 / 6) www.highper.ch: hmmm
(00:30 / 7) SC2NO.WC4YES: im undead so i cant tower
(00:33 / 6) www.highper.ch: hmmmmmm
(00:53 / 6) www.highper.ch: blight the map?? i'll make air and stop any attempts at cleaning
(01:46 / 7) SC2NO.WC4YES: just make sure to grab your epxo
(01:55 / 6) www.highper.ch: milit creeping
(03:32 / 7) SC2NO.WC4YES: they dont so far
(03:34 / 7) SC2NO.WC4YES: oops
(04:24 / All) www.highper.ch: hey all
(04:27 / All) www.highper.ch: gl hf sorry was afk
(04:39 / All) Ryu5: it's okay, i was too
(06:20 / 6) www.highper.ch: gonna start killing my team's armies in like 5 min
(06:52 / Allies) mr.mailloux: fucking bitch
(06:55 / 6) www.highper.ch: ??
(06:57 / 6) www.highper.ch: oops
(06:59 / All) www.highper.ch: ??
(07:14 / Allies) mr.mailloux: ¸wood plz
(08:49 / Allies) www.highper.ch: LUMBER PLEASE
(09:23 / Allies) www.highper.ch: ty
(09:57 / 6) www.highper.ch: i think constantly killing our teams' armies might be more fun
(10:11 / 7) SC2NO.WC4YES: k
(10:17 / 7) SC2NO.WC4YES: starting wyrm production now
(10:24 / 6) www.highper.ch: gryph in like 1min
(11:37 / 7) SC2NO.WC4YES: get staffs on ur heros for hero freezing
(11:40 / 6) www.highper.ch: ofc
(12:20 / 7) SC2NO.WC4YES: my team looks pertty strong
(12:35 / 6) www.highper.ch: as long as they split up, random trash can't micro attacking allies
(12:51 / 7) SC2NO.WC4YES: the main concern is that they might steamroll your team
(12:58 / 6) www.highper.ch: hmm we'll see
(13:09 / 6) www.highper.ch: my team got a whole lot of shit
(13:12 / 7) SC2NO.WC4YES: i think you guys will be fine, i just cant go rape your orcs burrows or anything
(13:42 / 7) SC2NO.WC4YES: im gonna kill this blademaster tho i cant resist
(14:11 / All) www.highper.ch: blue
(14:13 / All) www.highper.ch: dont die
(14:25 / 7) SC2NO.WC4YES: aboms incoming
(14:26 / 7) SC2NO.WC4YES: to ur bottom
(14:30 / 7) SC2NO.WC4YES: ill staff freeze his hero
(14:35 / 7) SC2NO.WC4YES: but it has ankh
(14:39 / 6) www.highper.ch: i got the abom
(14:52 / 7) SC2NO.WC4YES: now hes retreating
(14:54 / 7) SC2NO.WC4YES: what a fagwad
(14:56 / 7) SC2NO.WC4YES: get his dk
(15:07 / 6) www.highper.ch: ty
(15:11 / 7) SC2NO.WC4YES: again
(15:23 / All) www.highper.ch: yowch
(15:26 / 7) SC2NO.WC4YES: tp all
(15:35 / 6) www.highper.ch: i got blue
(15:38 / 7) SC2NO.WC4YES: TP
(16:02 / 7) SC2NO.WC4YES: damn lost a wyrm while staffreeze dsitracted me lol
(16:14 / Allies) Demongangel123: wtf?
(17:11 / 7) SC2NO.WC4YES: need aa
(17:41 / 6) www.highper.ch: gettin pink if he retreats
(18:05 / 6) www.highper.ch: lol
(18:28 / 7) SC2NO.WC4YES: they are gonna mass upa nd hit top
(19:07 / 7) SC2NO.WC4YES: ur teams gonna lose
(19:12 / All) www.highper.ch: lol
(19:15 / All) www.highper.ch: pink didn't like
(19:23 / 7) SC2NO.WC4YES: ill start tking
(19:24 / 7) SC2NO.WC4YES: now
(20:21 / 7) SC2NO.WC4YES: purp can no longer rebuild
(21:09 / 7) SC2NO.WC4YES: tower up a shit ton
(21:27 / 7) SC2NO.WC4YES: my 2 ud allies are out of mains and acos
(21:27 / All) Ryu5: gg
(21:32 / 7) SC2NO.WC4YES: so anything they lose now stays dead
(21:37 / All) www.highper.ch: Or Is It
(21:42 / All) genralix: DUN DUN
(23:13 / 7) SC2NO.WC4YES: my team is workerless now
(23:18 / 6) www.highper.ch: mainless?
(23:23 / 7) SC2NO.WC4YES: ya
(23:54 / 7) SC2NO.WC4YES: our elf has a billion unmounts headed bottom left
(23:56 / 7) SC2NO.WC4YES: almost there
(24:54 / 7) SC2NO.WC4YES: aboms alone
(24:56 / 7) SC2NO.WC4YES: at bottom
(25:06 / 7) SC2NO.WC4YES: nvm the elf is meeting him
(25:24 / 7) SC2NO.WC4YES: should i tk them down to size some, or do u think u can survive their onslaught?
(25:35 / 6) www.highper.ch: i'm prob fine
(25:36 / 7) SC2NO.WC4YES: i think u got it
(25:37 / 6) www.highper.ch: snipe what you can
(25:40 / 7) SC2NO.WC4YES: they have no siege
(25:47 / 7) SC2NO.WC4YES: focus a hero and if i see it ill staffreeze
(26:07 / 7) SC2NO.WC4YES: go attack move top above yoru base
(26:09 / 7) SC2NO.WC4YES: you got it
(26:14 / 7) SC2NO.WC4YES: tp back if he wins somehow
(26:16 / 7) SC2NO.WC4YES: get the dk first
(26:37 / 7) SC2NO.WC4YES: lol
(26:55 / All) www.highper.ch: good play green
(26:59 / All) www.highper.ch: you in a leauge?
(27:02 / All) genralix: do u think i care? rofl
(27:05 / All) genralix: we won, red bsed me
(27:09 / All) genralix: i watched
(27:10 / All) www.highper.ch: lol
(27:17 / All) www.highper.ch: i bs my whole team,
(27:18 / All) Ryu5: yeah red bs'd me too
(27:24 / All) SC2NO.WC4YES: tyeah we have this won easy, just a matter of when i come in and finish you off tower noob
(27:26 / All) MrSouthNUrMouth: he got all of us
(27:29 / All) SC2NO.WC4YES: brb eating pizza
(27:30 / All) Ryu5: i might as well just kill my whole team so you can win
(27:40 / All) genralix: i dont even care...if i really cared i wouldnt of played with one hand the whole fucking game
(27:44 / All) www.highper.ch: oh
(27:45 / All) www.highper.ch: interesting
(27:57 / All) genralix: i got used to it when i dislocated elbow..long story
(28:01 / All) www.highper.ch: go ahead
(28:03 / All) www.highper.ch: we got a while
(28:08 / All) www.highper.ch: let's hear about your dislocated elbow
(28:16 / All) genralix: actually the only reason im playing this is cuz i ate dinner mad late and i dont feel like puking in my sleep
(28:22 / All) www.highper.ch: wow
(28:25 / 7) SC2NO.WC4YES: \LOL
(28:33 / All) www.highper.ch: i've never puked in my sleep
(28:36 / All) SC2NO.WC4YES: i eat so much i puke in my sleep
(28:37 / All) www.highper.ch: how much did you eat
(28:38 / All) genralix: i was jumping over my dads deck, and the fifth time i did it my foot caught the rail and the first thing to hit the ground was
(28:39 / All) SC2NO.WC4YES: if i dont game for a while first
(28:40 / All) genralix: my hand
(28:46 / All) www.highper.ch: the fifth time
(28:47 / All) genralix: and it pushed my elbow up and out
(28:53 / All) www.highper.ch: attempt number five
(29:05 / All) genralix: that would be fail number 1..i did it 4 other times
(29:10 / All) genralix: WHO the fuck is calling this late
(29:19 / All) www.highper.ch: not me
(29:22 / All) www.highper.ch: my number 647-869-9830
(29:31 / All) www.highper.ch: you can see it's not me
(29:33 / All) www.highper.ch: on caller id
(29:35 / All) genralix: glad ur so trustworthy
(30:05 / 6) www.highper.ch: anything to snipe
(30:18 / 7) SC2NO.WC4YES: if i were you id go hit and run their bases
(30:21 / 7) SC2NO.WC4YES: they cant touch your tower pile
(30:24 / 6) www.highper.ch: where they @
(30:25 / All) Ryu5: afk, i'm going to play some rockband
(30:28 / 7) SC2NO.WC4YES: ok aboms are alone
(30:30 / 7) SC2NO.WC4YES: go aboms
(30:31 / All) genralix: im gonna go to sleep
(30:37 / 7) SC2NO.WC4YES: get dk
(31:00 / All) SC2NO.WC4YES: big fat pincushions
(31:18 / All) www.highper.ch: thank
(32:06 / 6) www.highper.ch: where hippos
(32:13 / 7) SC2NO.WC4YES: bottom left
(32:19 / 7) SC2NO.WC4YES: the elf is killing the undeads useless mine
(32:28 / 7) SC2NO.WC4YES: the undead made 4 wagons
(32:31 / 7) SC2NO.WC4YES: didnt realize he had gold and zigs
(32:53 / 7) SC2NO.WC4YES: hipps going north
(32:55 / 7) SC2NO.WC4YES: aboms going east
(33:09 / 7) SC2NO.WC4YES: aboms are halfway across bottom
(33:15 / 7) SC2NO.WC4YES: dead center is hpps
(33:32 / 7) SC2NO.WC4YES: want an undead orb?
(33:35 / 6) www.highper.ch: nah
(33:54 / 7) SC2NO.WC4YES: go bottom below ur base
(33:55 / 7) SC2NO.WC4YES: he has no aa
(34:00 / 7) SC2NO.WC4YES: djk
(34:00 / 7) SC2NO.WC4YES: dk
(34:22 / All) SC2NO.WC4YES: wow purp ur tp malfunctioned
(34:23 / All) SC2NO.WC4YES: that was weird
(35:17 / 7) SC2NO.WC4YES: 11
(36:36 / All) www.highper.ch: why you do that teal
(36:43 / All) www.highper.ch: doesn't seem to be a good strat
(36:44 / All) SC2NO.WC4YES: what a retard he stood right in the fire
(36:52 / All) www.highper.ch: that's nowhere to hide
(36:58 / All) Ryu5: k you win yellow
(37:01 / All) Ryu5: gg
(37:01 / All) www.highper.ch: bye
(37:07 / All) www.highper.ch: <--- for replays like this one
(37:27 / All) genralix: lol...so if u lose is there gonna be a replay
(37:33 / All) www.highper.ch: i can't lose
(37:36 / All) genralix: just type my name in on youtube you'll find some of my vids
(37:41 / All) www.highper.ch: lol
(37:43 / All) genralix: what u map hacking or something? lol
(37:46 / All) www.highper.ch: what kind of vids you do
(37:53 / All) genralix: eh mainly just 1v1's really
(37:54 / All) SC2NO.WC4YES: youtube.com/memokk
(37:58 / All) SC2NO.WC4YES: strats...tips... taktiks
(38:02 / All) genralix: i dont really like doing anything other than that less i wanna mess around
(38:08 / All) www.highper.ch: 121212122
(38:51 / All) www.highper.ch: gg thanks for the win
(38:55 / All) www.highper.ch: need it for icon
(39:04 / All) genralix: lol..np
(39:10 / All) genralix: i aint leaving tho..i cant
(39:17 / All) www.highper.ch: oh
(39:19 / All) genralix: if u watch my most recent vid u can see why
(39:21 / All) www.highper.ch: your elbow?
(39:23 / All) genralix: no
(39:25 / All) SC2NO.WC4YES: lol
(39:29 / All) genralix: my elbow is fine now...lol
(39:35 / All) www.highper.ch: your fat dinner
(39:36 / All) www.highper.ch: ?
(39:37 / All) SC2NO.WC4YES: if he leaves hell puke
(39:39 / All) SC2NO.WC4YES: in his sleep
(39:42 / All) genralix: i really didnt eat
(39:48 / All) genralix: dont feel like feelin like shit later
(39:51 / All) www.highper.ch: that just something you talk about in 4v4
(39:56 / All) www.highper.ch: like a machiavellian deception
(40:04 / All) www.highper.ch: "if they think im fat and full of food i'll win"
(40:07 / All) genralix: sure..cept i wasnt trying to decieve anyone
(40:18 / All) www.highper.ch: except....yourself
(40:21 / All) genralix: and im anything but fat..used to be though def used to be
(40:27 / All) www.highper.ch: tough times
(40:30 / All) www.highper.ch: streets ahead
(40:33 / All) genralix: no being fat rocks
(40:38 / All) genralix: sit around and play games all day
(41:11 / All) genralix: is there anything else ur gonna randomly throw at me or are we done lol
(41:19 / All) www.highper.ch: yeah
(41:25 / All) www.highper.ch: "random" doesn't mean what you think it does
(41:34 / All) genralix: random as in you weren't thinking when u said it
(41:59 / 7) SC2NO.WC4YES: now what?
(42:07 / 7) SC2NO.WC4YES: should i throw the game and get owned?
(42:13 / 6) www.highper.ch: haha
(42:15 / 7) SC2NO.WC4YES: or just unsummon
(42:22 / 6) www.highper.ch: unsummon would be biggest ownage prob
(42:57 / 7) SC2NO.WC4YES: im gonna make it so he cant rebuilt
(43:07 / All) genralix: red u are so confusing
(43:25 / All) www.highper.ch: he's going through tough times
(43:29 / All) www.highper.ch: sc2 beta happened
(43:34 / All) www.highper.ch: against all his hopes
(43:38 / All) genralix: i have sc2 beta it sucks
(43:42 / All) SC2NO.WC4YES: same
(43:42 / All) www.highper.ch: haha
(43:45 / All) www.highper.ch: maybe you suck then??
(43:47 / All) www.highper.ch: i made a sweet map
(43:54 / All) www.highper.ch: you can play it when publishing is patched in
(43:56 / All) genralix: trust me i dont suck...and regardless sc2 blows lol
(44:06 / All) www.highper.ch: really green
(44:10 / All) www.highper.ch: what race you play
(44:13 / All) genralix: toss
(44:14 / 7) SC2NO.WC4YES: i have 85 food of wyrms and cant rebuild
(44:20 / 7) SC2NO.WC4YES: u think he could win with that
(44:21 / 7) SC2NO.WC4YES: if i left?
(44:22 / All) genralix: played more or less
(44:22 / 6) www.highper.ch: no way
(44:25 / All) www.highper.ch: so
(44:29 / All) www.highper.ch: how do you handle pvt
(44:29 / All) genralix: so what
(44:33 / 7) SC2NO.WC4YES: k im gonna let him own himself then
(44:37 / All) www.highper.ch: give me some general thoughts on the matchup
(44:43 / All) genralix: pvt? idk i built a carrier and the nigga left
(44:43 / All) SC2NO.WC4YES: g2g, my cats puking on my dog
(44:47 / All) www.highper.ch: haha
(44:52 / All) genralix: wtf? rofl
(45:03 / All) genralix: allah akbar!
(45:59 / All) genralix: allahhhh
(46:28 / All) genralix: get em get em
(47:08 / All) genralix: this is so pointless
(47:23 / All) www.highper.ch: good micro
(47:27 / All) www.highper.ch: i can see why you think sc2 sucks
(47:29 / All) genralix: terrible micro
(47:30 / All) genralix: rofl
(47:34 / All) genralix: im playing with one hand
(47:42 / All) genralix: nooooooo
(47:44 / All) www.highper.ch: of course
(48:28 / All) genralix: i played sc2 for a bit, i didnt get too into it, i didnt like it i guess, i started playing wc3 a month before hand
(48:32 / All) genralix: to get used to rts games
(48:36 / All) www.highper.ch: how do people start playing war3 now
(48:37 / All) www.highper.ch: in 2010
(48:42 / All) genralix: i guess i just kind of ended up liking it better
(48:50 / All) www.highper.ch: no how on earth did you get into war3
(48:54 / All) genralix: idk, i never had a touch for it, i played ALOT of wow for like 4 years straight
(48:57 / All) www.highper.ch: oh
(49:00 / All) www.highper.ch: you're one of those
(49:11 / All) genralix: well i used to play alot of sc1 when i was younger
(49:17 / All) www.highper.ch: then the whole elbow thing
(49:18 / All) www.highper.ch: yeah yeah
(49:19 / All) genralix: stopped and spent alot of time doing nothing for awhile
(49:20 / All) www.highper.ch: sad story
(49:25 / All) genralix: the elbow thing? what? lol
(49:33 / All) www.highper.ch: jumping off your dad's porch
(49:35 / All) genralix: that was like..easter sunday
(49:39 / All) genralix: nono i jumped ON
(50:10 / All) www.highper.ch: sad times
(50:16 / All) genralix: i wouldnt really say so
(50:21 / All) genralix: its just a game lol
(50:34 / All) genralix: i took wow too seriously i admit
(50:37 / All) www.highper.ch: no with the elbow thing and wow
(50:41 / All) www.highper.ch: those are sad times
(50:42 / All) genralix: elbow..rofl
(50:48 / All) genralix: WoW used to be good
(51:00 / All) genralix: alright im gonna go to sleep
(51:04 / All) genralix: fuckin tired as hell